 Dungeon Crawl Stone Soup version 0.29-a0-340-g6efceafd81 (webtiles) character file.

Game seed: 13757080542892309670

27042 zazu2006 the Covert (level 13, -4/172 HPs)
             Began as a Naga Hedge Wizard on Apr 19, 2022.
             Was an Elder of Vehumet.
             Slain by a death yak (12 damage)
             ... in a Gauntlet on Apr 20, 2022.
             The game lasted 00:57:58 (21067 turns).

zazu2006 the Covert (Naga Hedge Wizard)            Turns: 21067, Time: 00:57:58

Health: -4/172     AC: 26    Str: 14    XL:     13   Next: 29%
Magic:  34/34      EV:  1    Int: 17    God:    Vehumet [****..]
Gold:   1232       SH:  0    Dex: 12    Spells: 12/28 levels left

rFire   + . .      SeeInvis +   J - +12 glaive of Prune {vorpal}
rCold   . . .      Faith    .   (shield currently unavailable)
rNeg    . . .      Spirit   .   (body armour currently unavailable)
rPois   +          Reflect  .   (helmet currently unavailable)
rElec   .          Harm     .   (cloak currently unavailable)
rCorr   .          Rampage  .   (gloves currently unavailable)
Will    +....      NoTele   +   (no barding)
Stlth   +++++.....              I - amulet of magic regeneration
HPRegen 0.38/turn               h - ring of protection from fire
MPRegen 0.64/turn               n - ring of magical power

@: mighty, tree-form
A: stationary, stasis, torment immunity, boosted hp, AC +4, large, see
invisible, (deformed body), (poison resistance), (slowness 2), spit poison 1,
(naga tail 2)
a: Spit Poison, Renounce Religion


You were in a Gauntlet.
You worshipped Vehumet.
Vehumet was greatly pleased with you.
You were a tree.
You visited 3 branches of the dungeon, and saw 15 of its levels.
You also visited: Sewer and Gauntlet.

You collected 1673 gold pieces.
You spent 441 gold pieces at shops.

Inventory:

Hand Weapons
 J - the +12 glaive of Prune (weapon) {vorpal}
   (You found it on level 4 of the Dungeon)

   It inflicts extra damage upon your enemies.
   It halves damage taken while paralysed, petrified or unconscious.
 U - a +4 long sword
Missiles
 Q - 3 throwing nets
Armour
 a - +0 steam dragon scales (melded)
 b - a +0 barding (melded)
 c - a +2 cloak (melded)
 o - +0 acid dragon scales
 x - a +2 buckler
 N - a +1 buckler of protection
 P - the +2 pair of gloves of the Wary Coins (melded) {rCorr}
   (You bought it in a shop on level 1 of the Dungeon)

   rCorr:     It protects you from acid and corrosion.
 V - a +0 hat of intelligence (melded)
Jewellery
 h - a ring of protection from fire (left branch)
 i - a ring of ice
 n - a ring of magical power (right branch)
 q - a ring of ice
 y - a ring of protection from fire
 I - an amulet of magic regeneration (around neck)
Wands
 g - a wand of iceblast (12)
 k - a wand of digging (2)
 H - a wand of mindburst (3)
 K - a wand of flame (8)
 O - a wand of paralysis (4)
 T - a wand of polymorph (8)
Scrolls
 e - a scroll of holy word {unknown}
 j - 2 scrolls of fog
 u - 2 scrolls of fear {unknown}
 w - a scroll of enchant weapon
 A - 2 scrolls of magic mapping
 B - a scroll of acquirement
 E - 5 scrolls of blinking
 R - 2 scrolls of teleportation
Potions
 d - 2 potions of magic
 f - 11 potions of curing
 l - 9 potions of attraction
 m - a potion of berserk rage {unknown}
 r - 6 potions of brilliance
 s - a potion of mutation
 t - a potion of resistance
 v - a potion of cancellation
 z - 2 potions of might
 S - a potion of flight {unknown}
Miscellaneous
 p - a piece from Xom's chessboard (15/15)


   Skills:
 + Level 7.0 Fighting
 + Level 4.9 Long Blades
 + Level 9.9 Polearms
 + Level 5.3 Dodging
 + Level 11.4 Stealth
 + Level 5.3 Shields
 + Level 8.3 Spellcasting
 + Level 7.8 Conjurations
 + Level 1.0 Summonings
 + Level 1.2 Translocations
 + Level 0.5 Fire Magic
 + Level 3.9 Air Magic
 + Level 1.7 Earth Magic
 + Level 7.8 Poison Magic
 + Level 2.5 Evocations


You had 12 spell levels left.
You knew the following spells:

 Your Spells              Type           Power      Damage    Failure   Level
a - Magic Dart            Conj           100%       1d8       1%          1
b - Mephitic Cloud        Conj/Pois/Air  29%        N/A       1%          3
c - Conjure Flame         Conj/Fire      21%        6-21      1%          3
d - Blink                 Tloc           22%        N/A       9%          2
e - Stone Arrow           Conj/Erth      46%        3d9       1%          3
f - Iskenderun's Mystic   Conj/Tloc      22%        2d6       4%          4

Your spell library contained the following spells:

 Spells                   Type           Power      Damage    Failure   Level
 Sandblast                Erth           26%        2d8       1%          1
 Poisonous Vapours        Pois/Air       52%        N/A       1%          2
 Corpse Rot               Necr/Air       26%        N/A       7%          2
 Call Imp                 Summ           10%        N/A       10%         2
 Slow                     Hex            28%        N/A       11%         1
 Passwall                 Tmut/Erth      8%         N/A       11%         2
 Ensorcelled Hibernation  Hex/Ice        14%        N/A       16%         2
 Sublimation of Blood     Necr           7%         N/A       16%         2
 Irradiate                Conj/Tmut      10%        3d16      16%         5
 Gell's Gravitas          Tloc           11%        N/A       19%         3
 Teleport Other           Tloc           11%        N/A       19%         3
 Confusing Touch          Hex            7%         N/A       30%         3
 Tukima's Dance           Hex            7%         N/A       30%         3
 Iron Shot                Conj/Erth      11%        9d3       45%         6
 Animate Armour           Summ/Erth      22%        N/A       50%         4
 Passage of Golubria      Tloc           11%        N/A       52%         4
 Yara's Violent Unravell  Hex/Tmut       3%         3d4       54%         5
 Petrify                  Tmut/Erth      10%        N/A       56%         4
 Blade Hands              Tmut           3%         N/A       96%         5
 Dispersal                Tloc           5%         N/A       100%        6
 Enfeeble                 Hex            3%         N/A       100%        7


Dungeon Overview and Level Annotations

Branches:
Dungeon (11/15)            Temple (1/1) D:5            Lair (3/6) D:8
  Swamp (0/4) Lair:3        Snake (0/4) Lair:3        Sewer (visited)
Gauntlet (1/1)
    Orc: D:9-12

Altars:
Ashenzari
Cheibriados
Elyvilon
Fedhas
Gozag
Hepliaklqana
Kikubaaqudgha
Makhleb
Nemelex Xobeh
Okawaru
Ru
Trog
Vehumet
Xom
Yredelemnul
Zin
The Shining One

Shops:
D:1 [   D:3 (   D:5 (   D:9 *

Annotations:
D:4 2 runed translucent doors
D:10 exclusion: downstairs Gauntlet 7 transporters, 16 runed translucent doors


Innate Abilities, Weirdness & Mutations

You are a tree.
Your roots penetrate the ground, keeping you stationary.
You cannot be teleported.
You are immune to unholy pain and torment.
Your maximum health is greatly increased.
Your equipment is partially melded.
((Your serpentine skin is tough. (AC +4)))
You have supernaturally acute eyesight. (SInv)
((Armour fits poorly on your strangely shaped body.))
((Your system is resistant to poisons. (rPois)))
((You cover ground very slowly.))
You can spit poison.
((You can use your snake-like lower body to constrict enemies.))


Message History

You feel better.
You feel yourself speed up.
The death yak gores you but does no damage.
Being near the torpor snail leaves you feeling lethargic.
You feel very mighty all of a sudden.
You feel yourself speed up.
You flicker for a moment.
The death yak gores you but does no damage.
Being near the torpor snail leaves you feeling lethargic.
The death yak gores you!
* * * LOW HITPOINT WARNING * * *
The death yak gores you!
* * * LOW HITPOINT WARNING * * *
You feel better.
You feel yourself speed up.
Being near the torpor snail leaves you feeling lethargic.
The death yak gores you but does no damage. x2
You slash the death yak!
The death yak is severely wounded.
You feel yourself speed up. The death yak gores you!
* * * LOW HITPOINT WARNING * * *
The death yak gores you.
* * * LOW HITPOINT WARNING * * *
Being near the torpor snail leaves you feeling lethargic.
The death yak gores you.
* * * LOW HITPOINT WARNING * * *
Unknown command.
You feel better.
You feel yourself speed up.
The death yak gores you but does no damage. x2
Being near the torpor snail leaves you feeling lethargic.
The death yak gores you but does no damage.
The death yak gores you!
* * * LOW HITPOINT WARNING * * *
You feel better.
You feel yourself speed up.
You flicker back into view.
The death yak gores you!
* * * LOW HITPOINT WARNING * * *
The death yak gores you!
You die...

###########..§###########..#...#
............§.............≈#.©.#.
...........≈8≈............§#.....
............≈.............§#.©.#.
###########...###########..#...#
#...#.....#...#..+..'...#..#...#
#..#..##^.#...#..+..'...#..#.8.#
#..##.^#..#####++#''##..#..#...#
#..#..##."#...#.♣Yw..+.=#..#.8.#
#..##©.#.©#©.©#©Y#...+.©#..#...#
#..#^.##..#...#..+...+.$#..#≈8≈#
#..##..#..#####++#++##.$#..#####
#..#..##^.#...#..+..+...#..#
#...#.....#.8.#..+..+...#..###
###########...###########..#8#
...........................###
..........................≈#


You could see 2 death yaks and a torpor snail.

Vanquished Creatures
  Gastronok (D:9)
  Fannar (Lair:1)
  Erolcha (D:9)
  A hydra (Lair:3)
  A tengu warrior (Gauntlet)
  A death yak (Gauntlet)
  A two-headed ogre (D:9)
  3 skeletal warriors (D:11)
  A deep elf pyromancer (D:7)
  Pikel (D:8)
  A cyclops (D:10)
  A worldbinder (Gauntlet)
  4 black mambas
  An unseen horror (D:10)
  4 cane toads
  2 kobold demonologists (D:10)
  A rime drake (Lair:2)
  6 komodo dragons
  2 tengu conjurers (Gauntlet)
  4 trolls
  A polar bear (D:8)
  2 hornets
  Prince Ribbit (D:8)
  4 blink frogs (Lair:3)
  15 yaks
  2 shadows
  2 vampires (D:10)
  Eustachio (D:6)
  A wyvern (D:8)
  2 basilisks (D:8)
  2 steam dragons (D:9)
  3 vampire mosquitoes
  Edmund (D:4)
  2 acid dragons
  7 water moccasins
  2 ice beasts
  2 black bears
  A sky beast (D:5)
  5 ogres (D:6)
  2 boggarts (Gauntlet)
  6 centaurs
  6 kobold brigands
  A lemure (D:8)
  2 phantoms
  11 bullfrogs
  2 necrophages (D:4)
  3 gnoll sergeants
  A scorpion (D:5)
  15 wights
  10 killer bees
  A howler monkey (D:7)
  4 electric eels
  9 hounds
  2 gnoll shamans
  3 orc priests
  Crazy Yiuf (D:2)
  Natasha (thrice) (D:3)
  Ijyb (D:4)
  5 iguanas
  8 orc wizards
  A hell rat (Sewer)
  Terence (D:2)
  7 adders
  20 gnolls
  4 river rats (Sewer)
  A shadow imp (D:7)
  2 white imps (D:6)
  2 ufetubi
  2 worms (D:5)
  27 orcs
  9 ball pythons
  7 endoplasms
  3 giant cockroaches
  8 goblins
  13 hobgoblins
  4 jackals (D:1)
  21 kobolds
  2 quokkas
  4 bats
  4 frilled lizards
  8 rats
340 creatures vanquished.

Vanquished Creatures (collateral kills)
  A skeletal warrior (D:10)
  A troll (D:10)
  Grinder (D:3)
  A killer bee (D:8)
4 creatures vanquished.

Vanquished Creatures (others)
  3 electric eels (D:7)
  23 demonic plants (Gauntlet)
  24 fungi
  60 plants
110 creatures vanquished.

Grand Total: 454 creatures vanquished

Notes
Turn   | Place    | Note
-------+----------+-------------------------------------------
     0 | D:1      | zazu2006 the Naga Hedge Wizard began the quest for the Orb.
     0 | D:1      | Reached XP level 1. HP: 15/15 MP: 4/4
   265 | D:1      | Reached XP level 2. HP: 22/22 MP: 3/6
   310 | D:1      | Found Vaokhus's Antique Armour Emporium.
   787 | D:1      | Found a faded altar of an unknown god.
  1174 | D:2      | Reached XP level 3. HP: 20/28 MP: 0/8
  1289 | D:2      | Found a runed translucent door.
  1290 | D:2      | Noticed Crazy Yiuf
  1473 | D:2      | Noticed Terence
  1482 | D:2      | Killed Terence
  1483 | D:2      | Reached XP level 4. HP: 10/36 MP: 6/9
  1710 | D:2      | Learned a level 3 spell: Mephitic Cloud
  1714 | D:2      | Learned a level 3 spell: Conjure Flame
  1717 | D:2      | Learned a level 2 spell: Blink
  2005 | D:2      | Found a shimmering altar of Xom.
  2473 | D:3      | Found Jujo Ciu's Weapon Boutique.
  2772 | D:3      | Noticed Natasha
  2781 | D:3      | Killed Natasha
  2782 | D:3      | Reached skill level 1 in Poison Magic
  2782 | D:3      | Reached XP level 5. HP: 28/43 MP: 4/11
  2955 | D:3      | Noticed Natasha
  2965 | D:3      | Killed Natasha
  3089 | D:3      | Noticed Grinder
  3116 | D:3      | Killed Grinder
  3117 | D:3      | Reached skill level 1 in Fighting
  3117 | D:3      | Reached skill level 4 in Stealth
  3117 | D:3      | Reached XP level 6. HP: 25/51 MP: 6/13
  4070 | D:2      | Killed Crazy Yiuf
  4160 | D:4      | Noticed Edmund
  4223 | D:3      | Noticed Natasha
  4248 | D:3      | Killed Natasha
  4249 | D:3      | Reached skill level 5 in Spellcasting
  4249 | D:3      | Reached XP level 7. HP: 57/57 MP: 12/14
  4371 | D:4      | Found a large runed translucent door.
  4374 | D:4      | Found a large runed translucent door.
  4648 | D:4      | Killed Edmund
  4797 | D:4      | Noticed Ijyb
  4802 | D:4      | Killed Ijyb
  5183 | D:4      | Found a large runed translucent door.
  5183 | D:4      | Found a large runed translucent door.
  5288 | D:4      | Reached XP level 8. HP: 31/64 MP: 11/16
  5531 | D:4      | Found the +12 glaive of Prune {vorpal}
  5773 | D:5      | Entered Level 5 of the Dungeon
  5926 | D:5      | Found a glowing drain.
  5947 | Sewer    | Entered a sewer
  5974 | Sewer    | Reached skill level 5 in Stealth
  5974 | Sewer    | Reached skill level 5 in Conjurations
  6259 | D:5      | Reached skill level 1 in Long Blades
  6832 | D:5      | Found Bamyxovi's Weapon Emporium.
  6851 | D:5      | You fall into a shaft and drop 1 floor!
  6892 | D:6      | Reached skill level 1 in Air Magic
  6892 | D:6      | Reached skill level 5 in Poison Magic
  7122 | D:5      | Noticed a hornet
  7129 | D:5      | Killed a hornet
  7256 | D:5      | Found a staircase to the Ecumenical Temple.
  7310 | D:5      | Reached skill level 1 in Evocations
  7310 | D:5      | Reached XP level 9. HP: 73/73 MP: 18/18
  7340 | Temple   | Entered the Ecumenical Temple
  7546 | Temple   | Became a worshipper of Vehumet
  8993 | D:6      | Reached skill level 6 in Stealth
  9054 | D:6      | Reached * piety under Vehumet
  9054 | D:6      | Offered knowledge of Sandblast by Vehumet.
  9117 | D:6      | Noticed Eustachio
  9133 | D:6      | Killed Eustachio
  9143 | D:6      | Reached skill level 7 in Stealth
  9366 | D:1      | Bought a pair of pitted gloves for 228 gold pieces
  9366 | D:1      | Identified the +2 pair of gloves of the Wary Coins {rCorr}
                  | (You bought it in a shop on level 1 of the Dungeon)
  9760 | D:6      | Learned a level 3 spell: Stone Arrow
 10065 | D:7      | Noticed a troll
 10083 | D:7      | Killed a troll
 10084 | D:7      | Reached XP level 10. HP: 55/82 MP: 20/20
 10719 | D:7      | Reached skill level 8 in Stealth
 10890 | D:7      | Found a shimmering altar of Xom.
 11190 | D:7      | Noticed a deep elf pyromancer
 11231 | D:7      | Killed a deep elf pyromancer
 11506 | D:7      | Got A Primer on the Arcane Arts
 11536 | D:7      | Offered knowledge of Shock by Vehumet.
 11847 | D:1      | Bought a shiny buckler for 180 gold pieces
 12135 | D:8      | Reached ** piety under Vehumet
 12227 | D:8      | Reached skill level 1 in Polearms
 12395 | D:8      | Found a staircase to the Lair.
 12412 | D:8      | Reached skill level 1 in Shields
 12531 | D:8      | Noticed Pikel
 12535 | D:8      | Noticed Prince Ribbit
 12543 | D:8      | Killed Pikel
 12546 | D:8      | Killed Prince Ribbit
 12588 | D:8      | Reached skill level 9 in Stealth
 12971 | D:8      | Offered knowledge of Ignite Poison by Vehumet.
 13186 | D:9      | Found Fikla's General Store.
 13240 | D:9      | Bought a potion of curing for 33 gold pieces
 13291 | D:9      | Reached XP level 11. HP: 65/92 MP: 21/21
 13453 | D:9      | Found a broken altar of Ashenzari.
 13470 | D:9      | Noticed Erolcha
 13482 | D:9      | Killed Erolcha
 13585 | D:9      | Noticed Gastronok
 13600 | D:9      | Killed Gastronok
 13601 | D:9      | Reached skill level 5 in Polearms
 13892 | D:9      | Noticed a two-headed ogre
 13994 | D:9      | Killed a two-headed ogre
 14449 | Lair:1   | Entered Level 1 of the Lair of Beasts
 14785 | D:10     | Entered Level 10 of the Dungeon
 15180 | D:10     | Reached skill level 5 in Fighting
 15966 | D:11     | Noticed a skeletal warrior
 15966 | D:11     | Noticed a skeletal warrior
 15966 | D:11     | Noticed a skeletal warrior
 15966 | D:11     | Noticed a skeletal warrior
 15966 | D:11     | Noticed a skeletal warrior
 16053 | D:10     | Reached *** piety under Vehumet
 16054 | D:10     | Reached skill level 10 in Stealth
 16148 | D:11     | Identified 2 scrolls of acquirement
 16148 | D:11     | Acquired Great Wizards, Vol. II
 16159 | D:11     | Noticed a cyclops
 16364 | D:10     | Killed a cyclops
 16364 | D:10     | Offered knowledge of Airstrike by Vehumet.
 16365 | D:10     | Reached XP level 12. HP: 25/103 MP: 23/23
 16933 | D:10     | Acquired 981 gold pieces
 18228 | D:8      | Reached skill level 5 in Shields
 18641 | Lair:1   | Noticed Fannar
 19040 | Lair:1   | Killed Fannar
 19040 | Lair:1   | Reached **** piety under Vehumet
 19721 | Lair:2   | Reached skill level 5 in Dodging
 19741 | Lair:2   | Reached skill level 1 in Earth Magic
 19774 | Lair:2   | Offered knowledge of Iskenderun's Mystic Blast by Vehumet.
 19780 | Lair:2   | Learned a level 4 spell: Iskenderun's Mystic Blast
 20063 | Lair:2   | Gained mutation: You can use your snake-like lower body to
                  | constrict enemies. [Naga growth]
 20063 | Lair:2   | Reached XP level 13. HP: 67/114 MP: 25/25
 20635 | Lair:3   | Reached skill level 11 in Stealth
 20684 | Lair:3   | Found a gate leading to a gauntlet.
 20689 | Gauntlet | Entered a Gauntlet
 20689 | Gauntlet | Found a transporter.
 20689 | Gauntlet | Found a transporter.
 20689 | Gauntlet | Found a transporter.
 20689 | Gauntlet | Found a transporter.
 20693 | Gauntlet | Found a transporter.
 20729 | Gauntlet | Found a transporter.
 20731 | Gauntlet | Found a transporter.
 20731 | Gauntlet | Found a transporter.
 20734 | Gauntlet | Found a transporter.
 20734 | Gauntlet | Found a transporter.
 20736 | Gauntlet | Found a large runed translucent door.
 20737 | Gauntlet | Found a large runed translucent door.
 20738 | Gauntlet | Found a large runed translucent door.
 20738 | Gauntlet | Found a large runed translucent door.
 20738 | Gauntlet | Found a runed translucent door.
 20739 | Gauntlet | Found a large runed translucent door.
 20739 | Gauntlet | Found a runed translucent door.
 20740 | Gauntlet | Found a large runed translucent door.
 20740 | Gauntlet | Found a large runed translucent door.
 20740 | Gauntlet | Found a large runed translucent door.
 20740 | Gauntlet | Found a large runed translucent door.
 20740 | Gauntlet | Found a large runed translucent door.
 20741 | Gauntlet | Found a large runed translucent door.
 20741 | Gauntlet | Found a large runed translucent door.
 20741 | Gauntlet | Found a large runed translucent door.
 20741 | Gauntlet | Found a large runed translucent door.
 20742 | Gauntlet | Found a large runed translucent door.
 20742 | Gauntlet | Found a large runed translucent door.
 20745 | Gauntlet | Found a runed translucent gate.
 20745 | Gauntlet | Found a runed translucent gate.
 20745 | Gauntlet | Found a runed translucent gate.
 20747 | Gauntlet | Found a transporter.
 20747 | Gauntlet | Found a transporter.
 21067 | Gauntlet | HP: 8/172 [death yak (15)]
 21067 | Gauntlet | Slain by a death yak

Illustrated notes

Levels and vault maps discovered:
D:1:      dpeg_arrival_refuge, layout_loops_cross,
          shapermc_ecumenical_altar_mp_ritualfount, serial_shops, shop,
          st_stairs_13, minmay_pentomino_w2
D:2:      layout_basic, basic_altar, uniq_crazy_yiuf_cottage, uniq_terence
D:3:      layout_basic, serial_shops, nicolae_shop_bloodbath_and_beyond,
          hangedman_feature_mirror, nrook_campfire, uniq_grinder, uniq_natasha
D:4:      minmay_evil_eye, layout_cave_pools, minmay_hollow_rounded_squares,
          uniq_edmund, uniq_ijyb
D:5:      layout_layer_cave, minmay_temple_entry_enclosed_plants, serial_shops,
          shop, cheibrodos_sewer_entry_bend
D:6:      kennysheep_housing_project, layout_loops_ring, serial_aquarium,
          aquarium_bridge_square [aquarium_subvault_window,
          aquarium_subvault_bridge, aquarium_subvault_window,
          aquarium_subvault_balcony], aquarium_window_fake,
          aquarium_window_corner, aquarium_view_2c, aquarium_view_2g,
          uniq_eustachio
D:7:      cheibrodos_two_vegetables, layout_rooms,
          mainiacjoe_overflow_concentric_impassable, solitary_fountain
D:8:      layout_loops_ring, david_lair_generic, uniq_pikel, uniq_prince_ribbit1
D:9:      layout_irregular_city, nicolae_ashenzari_skybound, serial_shops,
          kennysheep_little_box, corexii_checkpoint_b, uniq_gastronok,
          uniq_erolcha
D:10:     layout_roguey, grunt_ministairs_10, hangedman_abyss_or_decor_clamps
D:11:     layout_long_grid, uniq_grum
Temple:   mainiacjoe_temple_cubbyholes
Lair:1:   layout_regular_city, infiniplex_staircase_pool, uniq_fannar
Lair:2:   layout_chaotic_city
Lair:3:   layout_regular_city, minmay_swamp_entry_worms,
          guppyfry_snake_entry_garden, gauntlet_entry_generic, lemuel_fruit_tree
Gauntlet: gammafunk_gauntlet_hard_choice [nicolae_gauntlet_arena_t_cross,
          gammafunk_gauntlet_arena_crates, gammafunk_gauntlet_arena_teeth,
          gammafunk_gauntlet_arena_hedges,
          minmay_gauntlet_arena_make_your_own_arena,
          gammafunk_gauntlet_arena_spirals, dreamdust_gauntlet_exit_labyrinth]

Skill      XL: |  1  2  3  4  5  6  7  8  9 10 11 12 13 |
---------------+----------------------------------------+-----
Spellcasting   | 4 5 6 7 8 |  8.3
Conjurations   | 2 3 4 5 6 7 |  7.8
Poison Magic   | 1 2 3 4 5 6 7 |  7.8
Dodging        | 2 3 4 5 |  5.3
Fighting       | 1 2 4 5 6 7 |  7.0
Stealth        | 4 5 7 9 10 11 | 11.4
Long Blades    | 2 4 |  4.9
Air Magic      | 1 2 3 |  3.9
Evocations     | 1 2 |  2.5
Polearms       | 4 7 9 |  9.9
Shields        | 2 4 5 |  5.3
Earth Magic    | 1 |  1.7
Summonings     | |  1.0
Translocations | |  1.2
Fire Magic     | |  0.5

Action                   |  1- 3 |  4- 6 |  7- 9 | 10-12 | 13-15 || total
-------------------------+-------+-------+-------+-------+-------++-------
Melee: Dagger            |    12 |     6 |       |       |       ||    18
       Punch             |     1 |       |     3 |       |       ||     4
       Falchion          |       |     8 |   176 |    61 |       ||   245
       Glaive            |       |       |       |   352 |    50 ||   402
       Constrict         |       |       |       |       |    13 ||    13
 Cast: Magic Dart        |    53 |   108 |   258 |    47 |       ||   466
       Mephitic Cloud    |       |     2 |    38 |    59 |     5 ||   104
       Conjure Flame     |       |       |     1 |     6 |       ||     7
       Stone Arrow       |       |       |       |    43 |    13 ||    56
       Blink             |       |       |       |     6 |       ||     6
 Abil: Spit Poison       |    12 |    16 |    42 |    13 |       ||    83
Evoke: Wand              |       |       |    16 |    17 |       ||    33
  Use: Scroll            |       |     4 |     7 |    15 |     1 ||    27
       Potion            |       |       |       |     5 |     7 ||    12
 Stab: Confused          |       |       |    25 |    28 |     6 ||    59
       Distracted        |       |       |     1 |     1 |       ||     2
       Sleeping          |       |       |       |     9 |       ||     9
       Paralysed         |       |       |       |     2 |       ||     2
       Invisible         |       |       |       |     4 |     2 ||     6
Armor: Robe              |     8 |    18 |    81 |    81 |       ||   188
       Steam dragon scal |       |       |       |   203 |    28 ||   231
       Skin              |       |       |       |       |     9 ||     9
Dodge: Dodged            |    16 |    32 |   151 |   267 |    20 ||   486

Table legend: (Time is in decaauts)
 A = Elapsed time spent in this place.
 B = Non-inter-level travel time spent in this place.
 C = Inter-level travel time spent in this place.
 D = Time resting spent in this place.
 E = Time spent auto-exploring this place.
 F = Levels seen in this place.
 G = Mean time per level.
                   A        B        C        D        E       F      G
               +--------+--------+--------+--------+--------+-----+--------+
         Total |  25494 |  23867 |   1627 |   3350 |  15402 |  17 | 1499.6 |
       Dungeon |  21538 |  20101 |   1437 |   3060 |  13218 |  11 | 1958.0 |
        Temple |    396 |    281 |    115 |      0 |    265 |   1 |  396.0 |
          Lair |   2843 |   2769 |     74 |    260 |   1824 |   3 |  947.7 |
         Sewer |    206 |    206 |      0 |      3 |     94 |   1 |  206.0 |
      Gauntlet |    510 |    510 |      0 |     27 |      0 |   1 |  510.0 |
               +--------+--------+--------+--------+--------+-----+--------+

Top non-repeatable levels by time:
    D:10: 3093 daAuts
     D:6: 2316 daAuts
     D:5: 2293 daAuts
     D:3: 2236 daAuts
     D:8: 2078 daAuts
     D:7: 2050 daAuts
     D:4: 1901 daAuts
     D:2: 1783 daAuts
     D:9: 1609 daAuts
     D:1: 1564 daAuts
  Lair:2: 1393 daAuts
  Lair:1: 1313 daAuts
    D:11: 611 daAuts
Gauntlet: 510 daAuts
  Temple: 396 daAuts
